 Dungeon Crawl Stone Soup version 0.26.1-2-gb8aa6d0cf2 (webtiles) character file.

Game seed: 268544979898435142

299778 Doot the Fencer (level 20, -28/160 HPs)
             Began as a Demonspawn Abyssal Knight on Feb 10, 2021.
             Was the Champion of Lugonu.
             Annihilated by an ettin
             ... wielding a +0 dire flail
              (66 damage)
             ... on level 4 of the Vaults on Feb 17, 2021.
             The game lasted 01:59:58 (70016 turns).

Doot the Fencer (Demonspawn Abyssal Knight)        Turns: 70016, Time: 01:59:59

Health: -28/160    AC: 29    Str: 25    XL:     20   Next: 49%
Magic:  31/31      EV:  8    Int: 20    God:    Lugonu [******]
Gold:   4010       SH: 20    Dex: 17    Spells: 20/29 levels left

rFire    . . .     SeeInvis +   B - +5 scimitar (distort)
rCold    + . .     Faith    +   k - +5 kite shield of Vampiric Thralls {Int+6 Slay+2}
rNeg     + + .     Spirit   .   O - +7 crystal plate armour of the Vanishing Deaths {rC+ Stlth+}
rPois    +         Reflect  .   I - +0 hat of Impatience {Harm rF- rN+ Str+8}
rElec    .         Harm     +   (no cloak)
rCorr    .         Rampage  .   (gloves unavailable)
Will     +....                  (no boots)
Stlth    ..........             Z - amulet of faith
HPRegen  0.36/turn              D - +4 ring of protection
MPRegen  0.22/turn              W - ring of see invisible

@: marked, corroded
A: claws 3, slimy green scales 3, demonic guardian 2, fire resistance 1, ignite
blood, negative energy resistance 1, flame cloud immunity
}: 1/15 runes: gossamer
a: Renounce Religion, Depart the Abyss, Bend Space, Banish, Corrupt, Enter the
Abyss, Brand Weapon With Distortion


You were on level 4 of the Vaults.
You worshipped Lugonu.
Lugonu was exalted by your worship.
You visited 7 branches of the dungeon, and saw 35 of its levels.
You visited the Abyss 1 time.
You also visited: Bailey and Ice Cave.

You collected 4858 gold pieces.
You spent 848 gold pieces at shops.

Inventory:

Hand Weapons
 t - the +8 falchion "Etrob" {vorpal, rF+}
   (You found it on level 1 of the Vaults)

   It inflicts extra damage upon your enemies.
   It protects you from fire.
 B - a +5 scimitar of distortion (weapon)
 N - a +2 double sword of draining
Armour
 k - the +5 kite shield of Vampiric Thralls (worn) {Int+6 Slay+2}
   (You found it on level 13 of the Dungeon)

   It affects your intelligence (+6).
   It affects your accuracy and damage with ranged weapons and melee attacks
   (+2).
 I - the +0 hat of Impatience (worn) {Harm rF- rN+ Str+8}
   (You bought it in a shop on level 2 of the Orcish Mines)

   It affects your strength (+8).
   It makes you vulnerable to fire.
   It protects you from negative energy.
   It increases damage dealt and taken.
 O - the +7 crystal plate armour of the Vanishing Deaths (worn) {rC+ Stlth+}
   (You found it in a bailey)

   It protects you from cold.
   It makes you more stealthy.
 P - a +0 hat of see invisible
Jewellery
 r - an uncursed ring of wizardry
 y - an uncursed ring of willpower
 D - a +4 ring of protection (left claw)
 F - an uncursed ring of magical power
 M - a +4 ring of evasion
 S - the amulet "Buasa" {Reflect *Contam +Inv rF+ Str+6 SH+5}
   (You took it off a deep elf death mage on level 3 of the Elven Halls)

   [amulet of reflection]

   It shields you and reflects attacks.
   It affects your strength (+6).
   It protects you from fire.
   It lets you turn invisible.
   It causes magical contamination when unequipped.
   It affects your SH (+5).
 T - a +6 ring of dexterity
 V - an uncursed ring of resist corrosion
 W - a ring of see invisible (right claw)
 Y - the amulet of the Rabble {Faith rF+}
   (You took it off a deep elf high priest on level 3 of the Elven Halls)

   [amulet of faith]

   It allows you to gain divine favour quickly.
   It protects you from fire.
 Z - an amulet of faith (around neck)
Wands
 d - a wand of acid (21)
 C - a wand of digging (7)
 H - a wand of disintegration (24)
 X - a wand of iceblast (8)
Scrolls
 a - 2 scrolls of holy word {unknown}
 b - 2 scrolls of vulnerability {unknown}
 e - 9 scrolls of fog
 g - 12 scrolls of teleportation
 h - 6 scrolls of enchant weapon
 i - 6 scrolls of enchant armour
 j - 6 scrolls of magic mapping
 l - 26 scrolls of remove curse
 n - 9 scrolls of blinking
 q - 4 scrolls of fear
 A - a scroll of torment {unknown}
 E - 7 scrolls of amnesia
 K - 5 scrolls of immolation
 L - 3 scrolls of noise
Potions
 c - 3 potions of lignification
 f - a potion of invisibility
 m - 11 potions of flight
 o - 9 potions of degeneration
 p - 3 potions of resistance
 s - 12 potions of curing
 u - 4 potions of mutation
 v - 3 potions of haste
 w - 3 potions of brilliance
 x - 3 potions of cancellation
 z - 2 potions of might
 G - 8 potions of attraction
 Q - 5 potions of heal wounds
 R - 12 potions of ambrosia
Miscellaneous
 J - a phantom mirror
 U - a condenser vane (quivered)


   Skills:
 + Level 14.7 Fighting
 + Level 17.5 Long Blades
 + Level 13.0 Armour
 + Level 4.3 Dodging
 + Level 4.9 Stealth
 + Level 15.3 Shields
 * Level 5.1 Spellcasting
 - Level 8.6 Hexes
 * Level 11.1 Necromancy
 + Level 15.1 Invocations
 + Level 1.9 Evocations


You had 20 spell levels left.
You knew the following spells:

 Your Spells              Type           Power        Failure   Level
a - Confusing Touch       Hex            39%          32%         3
b - Animate Dead          Necr           24%          36%         4
c - Blink                 Tloc           N/A          99%         2

Your spell library contained the following spells:

 Spells                   Type           Power        Failure   Level
 Animate Skeleton         Necr           98%          3%          1
 Pain                     Necr           100%         3%          1
 Corona                   Hex            43%          11%         1
 Vampiric Draining        Necr           24%          12%         3
 Slow                     Hex            39%          16%         2
 Tukima's Dance           Hex            39%          32%         3
 Ensorcelled Hibernation  Hex/Ice        44%          67%         2
 Agony                    Necr           49%          71%         5
 Dazzling Flash           Conj/Hex       44%          88%         3
 Inner Flame              Hex/Fire       22%          88%         3
 Summon Guardian Golem    Hex/Summ       22%          88%         3
 Apportation              Tloc           10%          98%         1
 Foxfire                  Conj/Fire      20%          98%         1
 Freeze                   Ice            20%          98%         1
 Magic Dart               Conj           20%          98%         1
 Sandblast                Erth           10%          98%         1
 Shock                    Conj/Air       20%          98%         1
 Summon Small Mammal      Summ           20%          98%         1
 Call Imp                 Summ           5%           99%         2
 Passwall                 Tmut/Erth      4%           99%         2
 Searing Ray              Conj           10%          99%         2
 Swiftness                Air            5%           99%         2
 Fulminant Prism          Conj/Hex       11%          99%         4
 Death Channel            Necr           24%          99%         6
 Conjure Flame            Conj/Fire      5%           100%        3
 Frozen Ramparts          Ice            10%          100%        3
 Gell's Gravitas          Tloc           2%           100%        3
 Mephitic Cloud           Conj/Pois/Air  5%           100%        3
 Ozocubu's Armour         Ice            5%           100%        3
 Static Discharge         Conj/Air       5%           100%        3
 Stone Arrow              Conj/Erth      10%          100%        3
 Airstrike                Air            2%           100%        4
 Hailstorm                Conj/Ice       5%           100%        4
 Ice Form                 Ice/Tmut       5%           100%        4
 Iskenderun's Mystic Bla  Conj/Tloc      5%           100%        4
 Petrify                  Tmut/Erth      5%           100%        4
 Sticky Flame             Conj/Fire      5%           100%        4
 Summon Ice Beast         Ice/Summ       5%           100%        4
 Bolt of Magma            Conj/Fire/Erth 2%           100%        5
 Borgnjor's Vile Clutch   Necr/Erth      13%          100%        5
 Fireball                 Conj/Fire      2%           100%        5
 Irradiate                Conj/Tmut      2%           100%        5
 Iskenderun's Battlesphe  Conj           5%           100%        5
 Lee's Rapid Deconstruct  Erth           2%           100%        5
 Lightning Bolt           Conj/Air       2%           100%        5
 Metabolic Englaciation   Hex/Ice        11%          100%        5
 Yara's Violent Unravell  Hex/Tmut       11%          100%        5
 Freezing Cloud           Conj/Ice/Air   2%           100%        6
 Hydra Form               Tmut           2%           100%        6
 Iron Shot                Conj/Erth      2%           100%        6
 Ozocubu's Refrigeration  Ice            2%           100%        6
 Simulacrum               Ice/Necr       13%          100%        6
 Statue Form              Tmut/Erth      3%           100%        6
 Dragon Form              Tmut           2%           100%        7
 Orb of Destruction       Conj           2%           100%        7
 Spellforged Servitor     Conj/Summ      2%           100%        7
 Summon Hydra             Summ           2%           100%        7


Dungeon Overview and Level Annotations

Branches:
Dungeon (15/15)            Temple (0/1) D:5            Lair (6/6) D:11
  Swamp (1/4) Lair:4       Spider (4/4) Lair:3        Slime (0/5) Lair:5
    Orc (2/2) D:10            Elf (3/3) Orc:2        Vaults (4/5) D:14
  Crypt (0/3) Vaults:2     Bailey (visited)           IceCv (visited)
 Depths: D:15

Altars:
Dithmenos
Elyvilon
Gozag
Hepliaklqana
Kikubaaqudgha
Makhleb
Nemelex Xobeh
Okawaru
Ru
Sif Muna
Trog
Uskayaw
Vehumet
Wu Jian
Yredelemnul
Zin
The Shining One
Beogh

Shops:
D:10 (   D:11 *   Orc:1 }   Orc:2 ?[=!   Elf:2 =}}   Vaults:2 :

Annotations:
D:4 2 runed translucent doors, 2 transporters, execc's ghost, weakling GnDe
D:6 4 runed translucent doors, kutty's ghost, novice OgTm
D:7 2 transporters, McKennaii's ghost, novice DEFE
D:8 2 transporters, Gabide's ghost, novice BaBe
D:14 1 runed translucent door, Cofimnas's ghost, journeyman FoFi
Lair:2 exclusion: 2 oklob plants
Swamp:1 Josephine
Spider:1 3 runed translucent doors, Nuqinleag's ghost, adept GrEE
Spider:4 corrupted
Orc:1 corrupted
Vaults:1 corrupted
Abyss:1 Blork the orc; Maggie; Nergalle; Prince Ribbit


Innate Abilities, Weirdness & Mutations

You have claws for hands.
You are completely covered in slimy green scales. (AC +4, rPois)
A demonic guardian rushes to your aid.
Your flesh is heat resistant. (rF+)
Your demonic aura causes spilled blood to erupt in flames.
You resist negative energy. (rN+)
You are immune to clouds of flame.


Message History

You block the deep elf demonologist's attack.
You block the deep elf knight's attack.
The redback is engulfed in blazing flames.
You kill the redback!
Lugonu accepts your kill.
The ironbrand convoker is engulfed in blazing flames.
The ironbrand convoker gestures at the lost soul while chanting.
The lost soul seems to grow stronger.
The entropy weaver is engulfed in blazing flames.
The entropy weaver no longer looks unusually strong.
The lost soul assumes the form of the entropy weaver and becomes anchored to this world!
You block the ghostly entropy weaver's attack.
The ghostly entropy weaver hits you but does no damage.
The ghostly entropy weaver hits you.
* * * LOW HITPOINT WARNING * * *
The ghostly entropy weaver hits you.
* * * LOW HITPOINT WARNING * * *
The ettin is engulfed in blazing flames.
The ettin hits you with a +0 dire flail!!!
You die...

#....)..# #....#
#.<.....# #....#
#.......#
#.......#
#.......#
######'######
#...........#
#.....s☼e...#
#..e.pC@☼4..#
#p....Beeee.#
..'....○.....C'e.
..#...........#y.
..'...........#..
..#...........#..
..#...........# .
#############


You could see a stone giant, a ghostly entropy weaver, a deep elf annihilator, a
deep elf death mage (strong), an ettin (strong), a deep elf demonologist, a deep
elf archer (repels missiles), a deep elf knight (fast), 2 ironbrand convokers, 2
deep elf magi, a hornet, a chaos spawn (summoned) and a jumping spider.

Vanquished Creatures
  Nikola (Spider:4)
  2 liches
  A deep elf master archer (Elf:3)
  3 deep elf blademasters
  2 sphinxes (Vaults:2)
  Frances (Swamp:1)
  A tengu reaver (Vaults:2)
  A frost giant (Vaults:4)
  3 deep elf sorcerers (Elf:3)
  4 ghost moths
  4 emperor scorpions (Spider:4)
  4 deep elf elementalists (Elf:3)
  3 stone giants
  5 vault wardens
  11 ironheart preservers
  A bunyip (Swamp:1)
  5 deep elf demonologists
  2 entropy weavers (Spider:4)
  6 deep elf annihilators (Elf:3)
  3 spark wasps
  9 deep elf death magi (Elf:3)
  An ettin (Vaults:2)
  19 slime creatures
  A fire dragon (Vaults:4)
  5 yaktaur captains
  A rakshasa (Vaults:1)
  3 deep elf high priests (Elf:3)
  5 boulder beetles
  A hydra (Swamp:1)
  3 merfolk avatars (Swamp:1)
  5 centaur warriors
  2 ice dragons (Vaults:3)
  20 dancing weapons
  A death knight (Vaults:2)
  8 ogre magi
  7 death scarabs (Spider:4)
  2 alligators (Swamp:1)
  22 two-headed ogres
  A deep troll shaman (Vaults:1)
  A deep troll earth mage (Vaults:1)
  5 hell knights (Vaults:4)
  A fire crab (Lair:4)
  16 deep elf knights
  3 skeletal warriors (Vaults:1)
  2 goliath frogs (Swamp:1)
  3 unseen horrors
  2 swamp dragons (Swamp:1)
  23 deep trolls
  An orange crystal statue (Vaults:3)
  3 bog bodies
  10 deep elf archers
  A glowing orange brain (Vaults:3)
  2 necromancers
  A spectral wolf spider (Spider:4)
  3 wizards
  14 ironbrand convokers
  9 orb spiders
  60 deep elf magi
  20 ugly things
  25 wolf spiders
  11 orc knights
  3 wolf spider zombies (Spider:4)
  A manticore (D:11)
  4 orc sorcerers
  6 cyclopes
  8 elephants
  2 moths of wrath
  An ice statue (IceCv)
  A naga mage (Vaults:2)
  4 black mambas
  Maurice (D:10)
  2 torpor snails
  5 vault sentinels
  12 cane toads
  3 spectral redbacks (Spider:4)
  2 freezing wraiths (Vaults:2)
  6 komodo dragons
  2 rime drakes
  2 redback zombies (Spider:4)
  34 yaktaurs
  8 demonic crawlers
  3 human skeletons (Vaults:2)
  A queen bee (D:12)
  41 jumping spiders
  2 polar bears (Lair:6)
  A tengu conjurer (Vaults:2)
  4 tyrant leeches
  16 hornets
  A spectral jumping spider (Spider:4)
  2 spectral tarantellas (Spider:4)
  8 trolls
  7 blink frogs
  A harpy skeleton (D:12)
  2 dream sheep
  5 water elementals
  4 air elementals
  4 wyverns
  75 redbacks
  8 spriggans (Lair:6)
  21 tarantellas
  2 wraiths
  A spriggan (shapeshifter) (Vaults:4)
  14 yaks
  4 basilisks
  2 fire elementals
  A golden eye (shapeshifter) (D:14)
  11 vampire mosquitoes
  17 wargs
  6 swamp worms
  A soldier ant (D:13)
  An acid dragon (Vaults:2)
  2 spectral hornets (Spider:4)
  14 water moccasins
  3 hornet zombies (Spider:4)
  19 ice beasts
  36 orc warriors
  4 sky beasts
  An eye of draining (shapeshifter) (Vaults:2)
  3 black bears (Lair:6)
  A phantom (D:6)
  25 wolves
  6 boggarts
  14 centaurs
  27 ogres
  17 bullfrogs
  3 big kobolds
  5 earth elementals
  A wyvern zombie (D:11)
  3 scorpions
  2 human simulacra
  19 killer bees
  10 wights
  6 howler monkeys
  9 electric eels
  A bullfrog zombie (D:11)
  4 lava snakes (D:14)
  A crimson imp (D:12)
  4 jellies (Lair:5)
  7 hounds
  2 quasits
  2 centaur skeletons
  16 orc priests
  4 bullfrog skeletons
  21 orc wizards
  7 iguanas
  15 worker ants
  3 hound zombies
  2 worker ant zombies
  3 gnolls (D:8)
  13 adders
  A shadow imp (D:9)
  3 white imps
  3 ufetubi
  2 oozes (Lair:5)
  4 worms
  2 dart slugs
  4 leopard geckos
  130 orcs
  4 bats
  7 giant cockroaches
  5 goblins
  5 hobgoblins
  23 jackals
  6 quokkas
  A ball python (D:1)
  A ball python skeleton (D:6)
  4 frilled lizards
  A jackal skeleton (D:5)
  10 kobolds
  A leopard gecko zombie (D:5)
  2 quokka zombies (D:5)
  8 rats
1330 creatures vanquished.

Vanquished Creatures (collateral kills)
  2 ironheart preservers
  A deep elf elementalist (Elf:3)
  An entropy weaver (Spider:2)
  Fannar (D:10)
  A yaktaur captain (Vaults:3)
  A vault guard (D:14)
  3 hydras
  An ice dragon (IceCv)
  2 boulder beetles
  2 merfolk avatars (Swamp:1)
  A centaur warrior (Vaults:4)
  An ogre mage (Orc:1)
  A death scarab (Spider:4)
  9 two-headed ogres
  Urug (D:10)
  4 death yaks (Lair:2)
  2 dancing weapons (Elf:2)
  A hell knight (Vaults:4)
  3 deep elf knights (Elf:2)
  3 deep trolls
  A wizard (Vaults:1)
  2 deep elf archers
  A necromancer (Vaults:4)
  An orc knight (Vaults:2)
  2 orb spiders (Spider:2)
  10 deep elf magi
  2 wolf spiders (Spider:1)
  A cyclops (D:11)
  12 ugly things
  A manticore (D:14)
  A moth of wrath (shapeshifter) (D:14)
  A centaur zombie (D:14)
  3 vault sentinels
  8 elephants
  A naga mage (Vaults:2)
  An ice statue (IceCv)
  A black mamba (Lair:6)
  4 cane toads (Lair:2)
  A gargoyle (D:15)
  A rime drake (IceCv)
  2 komodo dragons
  5 yaktaurs
  2 trolls
  3 jumping spiders
  A polar bear (Lair:2)
  6 blink frogs
  A hornet (shapeshifter) (D:14)
  4 hornets
  A dream sheep (shapeshifter) (Vaults:4)
  A dream sheep (D:10)
  5 spriggans (Lair:6)
  A shadow (D:15)
  3 tarantellas
  6 redbacks
  A wraith (Swamp:1)
  8 yaks
  A basilisk (Lair:3)
  A vampire mosquito (D:14)
  A water moccasin (Lair:2)
  A floating eye (shapeshifter) (Vaults:1)
  5 ice beasts (IceCv)
  10 ogres
  3 orc warriors
  A phantom (D:5)
  A boggart (Lair:6)
  11 wolves
  2 centaurs (D:5)
  5 bullfrogs
  A big kobold (D:10)
  A killer bee (D:7)
  A howler monkey (D:11)
  2 hounds (D:11)
  2 orc priests (Orc:1)
  A centaur skeleton (D:7)
  2 orc wizards
  Jessica (D:3)
  An adder (D:2)
  An adder zombie (D:5)
  16 orcs
  A goblin (D:2)
  2 jackals (D:11)
  A quokka (D:4)
  A leopard gecko skeleton (D:7)
222 creatures vanquished.

Vanquished Creatures (others)
  The ghost of OdinFK the Cloud Mage, an adept TeAE of Gozag (Vaults:1)
  A two-headed ogre (Orc:1)
  A shadow wraith (Vaults:3)
  A deep troll (Orc:1)
  A wolf spider (Spider:4)
  A moth of wrath (Spider:1)
  A spectral redback (Spider:4)
  2 jumping spiders (Spider:4)
  A hornet (Spider:4)
  A spectral tarantella (Spider:4)
  A shadow (D:11)
  A tarantella (Spider:4)
  A redback (Spider:4)
  A fire elemental (Elf:3)
  An ogre (Orc:1)
  2 wights (D:11)
  34 fungi
  50 plants
  2 starspawn tentacles (Orc:1)
104 creatures vanquished.

Grand Total: 1656 creatures vanquished

Notes
Turn   | Place    | Note
-------+----------+-------------------------------------------
     0 | Abyss:1  | Doot the Demonspawn Abyssal Knight began the quest for the
                  | Orb.
     0 | Abyss:1  | Reached XP level 1. HP: 18/18 MP: 2/2
    12 | D:1      | Escaped the Abyss
   294 | D:1      | Gained mutation: A weak demonic guardian rushes to your
                  | aid. [demonic ancestry]
   294 | D:1      | Reached XP level 2. HP: 19/24 MP: 4/4
   783 | D:2      | Reached ** piety under Lugonu
   805 | D:2      | Reached skill level 1 in Dodging
   805 | D:2      | Gained mutation: Your flesh is heat resistant. (rF+)
                  | [demonic ancestry]
   805 | D:2      | Reached XP level 3. HP: 25/30 MP: 5/5
   896 | D:1      | HP: 2/45 [poisoned by an adder]
   901 | D:1      | Reached skill level 2 in Long Blades
  1860 | D:2      | Gained mutation: You are immune to clouds of flame.
                  | [demonic ancestry]
  1860 | D:2      | Reached XP level 4. HP: 31/37 MP: 6/6
  2274 | D:2      | Found a glowing silver altar of Zin.
  2687 | D:3      | Noticed Jessica
  2699 | D:3      | Killed Jessica
  2700 | D:3      | Reached XP level 5. HP: 22/42 MP: 6/8
  3100 | D:3      | Reached *** piety under Lugonu
  3318 | D:3      | Learned a level 3 spell: Confusing Touch
  4137 | D:4      | Reached skill level 3 in Long Blades
  4465 | D:3      | Reached XP level 6. HP: 18/48 MP: 9/9
  5022 | D:4      | Reached skill level 1 in Hexes
  5365 | D:4      | Found a large runed translucent door.
  5414 | D:4      | Noticed an orc warrior
  5415 | D:4      | Found a transporter.
  5415 | D:4      | Found a transporter.
  5429 | D:4      | Found a shadowy altar of Dithmenos.
  5524 | D:4      | Noticed Blork the orc
  5526 | D:4      | Banished Blork the orc
  5595 | D:4      | Reached skill level 5 in Invocations
  5827 | D:4      | Found a burning altar of Makhleb.
  5935 | D:4      | Found a hazy altar of Hepliaklqana.
  6105 | D:4      | Found a large runed translucent door.
  6107 | D:4      | Noticed execc's ghost (weakling GnDe)
  6170 | D:4      | Found a sacrificial altar of Ru.
  6170 | D:4      | Found a shimmering blue altar of Sif Muna.
  6299 | D:5      | Entered Level 5 of the Dungeon
  6302 | D:5      | Found a white marble altar of Elyvilon.
  6472 | D:5      | Reached XP level 7. HP: 4/55 MP: 10/10
  6951 | D:5      | Reached skill level 1 in Stealth
  7057 | D:5      | Found a staircase to the Ecumenical Temple.
  7072 | D:5      | Noticed Prince Ribbit
  7077 | D:5      | Banished Prince Ribbit
  7078 | D:5      | Reached skill level 4 in Long Blades
  7909 | D:5      | Noticed a steam dragon
  7911 | D:5      | Reached XP level 8. HP: 53/61 MP: 12/12
  7952 | D:6      | Learned a level 4 spell: Animate Dead
  7958 | D:6      | Reached skill level 5 in Long Blades
  8917 | D:5      | Reached skill level 1 in Necromancy
  9826 | D:6      | Found a radiant altar of Vehumet.
  9963 | D:6      | Found an opulent altar of Gozag.
  9979 | D:6      | Found a runed translucent door.
  9980 | D:6      | Noticed an angel
  9982 | D:6      | Found a glowing golden altar of the Shining One.
 10038 | D:6      | Noticed a kobold demonologist
 10038 | D:6      | Noticed kutty's ghost (novice OgTm)
 10039 | D:6      | Found a runed translucent gate.
 10039 | D:6      | Found a runed translucent gate.
 10039 | D:6      | Found a runed translucent gate.
 10264 | D:6      | Found an ornate altar of the Wu Jian Council.
 10592 | D:7      | Found a transporter.
 10592 | D:7      | Noticed McKennaii's ghost (novice DEFE)
 10852 | D:7      | Found a transporter.
 10941 | D:7      | Reached skill level 5 in Fighting
 10941 | D:7      | Reached skill level 6 in Long Blades
 10943 | D:7      | Gained mutation: You are partially covered in slimy green
                  | scales. (AC +2) [demonic ancestry]
 10943 | D:7      | Reached XP level 9. HP: 33/68 MP: 9/14
 11510 | D:7      | Noticed Maggie
 11513 | D:7      | Banished Maggie
 11660 | D:7      | HP: 3/68 [poisoned by a killer bee]
 11666 | D:7      | HP: 3/68 [poisoned by a killer bee]
 11674 | D:7      | HP: 2/68 [poisoned by a killer bee]
 12461 | D:7      | Found a bloodstained altar of Trog.
 12858 | D:8      | Noticed a two-headed ogre
 12924 | D:8      | Banished a two-headed ogre
 13304 | D:8      | Found a transporter.
 13305 | D:8      | Found a transporter.
 13309 | D:8      | Noticed a moth of wrath
 13309 | D:8      | Noticed Gabide's ghost (novice BaBe)
 13310 | D:8      | Found a bloodstained altar of Trog.
 13531 | D:8      | Gained mutation: A demonic guardian rushes to your aid.
                  | [demonic ancestry]
 13531 | D:8      | Reached XP level 10. HP: 64/74 MP: 16/16
 13792 | D:8      | Reached skill level 7 in Long Blades
 13970 | D:8      | Found a hide-covered altar of Uskayaw.
 14050 | D:9      | Reached skill level 5 in Hexes
 14136 | D:9      | Found an ancient bone altar of Kikubaaqudgha.
 14320 | D:9      | Found a basalt altar of Yredelemnul.
 14322 | D:9      | Noticed a profane servitor
 14436 | D:9      | Noticed a two-headed ogre
 14437 | D:9      | Banished a two-headed ogre
 14441 | D:9      | Found an iron altar of Okawaru.
 14905 | D:9      | Found a glowing golden altar of the Shining One.
 14907 | D:9      | Noticed an angel
 15048 | D:10     | Entered Level 10 of the Dungeon
 15204 | D:10     | Noticed a three-headed hydra
 15239 | D:10     | Killed a three-headed hydra
 15240 | D:10     | Reached skill level 5 in Necromancy
 15362 | D:10     | Found Kimnuqu's Weapon Shoppe.
 15407 | D:10     | Noticed a two-headed ogre
 15451 | D:10     | Killed a two-headed ogre
 15452 | D:10     | Reached skill level 8 in Long Blades
 15713 | D:10     | Reached skill level 5 in Armour
 16154 | D:10     | Found a staircase to the Orcish Mines.
 16309 | D:10     | Noticed Fannar
 16358 | D:10     | Killed Fannar
 16359 | D:10     | Reached skill level 10 in Invocations
 16795 | D:11     | Noticed Urug
 16812 | D:11     | Noticed a cyclops
 16818 | D:10     | Killed Urug
 16819 | D:10     | Gained mutation: You have sharp fingernails. [demonic
                  | ancestry]
 16819 | D:10     | Reached XP level 11. HP: 5/81 MP: 18/18
 16848 | D:11     | Found a flagged portal.
 16898 | Bailey   | Entered a bailey
 17301 | Bailey   | Noticed an orc knight
 17400 | Bailey   | Banished an orc knight
 17732 | Bailey   | Got a transparent crystal plate armour
 17742 | Bailey   | Identified the +7 crystal plate armour of the Vanishing
                  | Deaths {rC+ Stlth+} (You found it in a bailey)
 17882 | D:11     | Found Jeveirchef's Demolitions Depot.
 17963 | D:11     | Noticed an eight-headed hydra
 17995 | D:11     | Killed an eight-headed hydra
 18176 | D:11     | Reached **** piety under Lugonu
 18569 | D:11     | Noticed a boulder beetle
 18714 | D:11     | Banished a boulder beetle
 19479 | D:11     | Reached skill level 9 in Long Blades
 19965 | D:12     | Paralysed by a hornet for 3 turns
 20040 | D:12     | Found a frozen archway.
 20104 | IceCv    | Entered an ice cave
 21150 | IceCv    | Noticed an ice dragon
 21150 | IceCv    | Noticed an ice dragon
 21164 | IceCv    | Banished an ice dragon
 21207 | IceCv    | Killed an ice dragon
 21257 | IceCv    | Got a steaming bone ring
 21262 | IceCv    | Identified the ring of Jealousy {Ice Int+5} (You found it
                  | in an ice cave)
 21465 | D:12     | Gained mutation: You have very sharp fingernails. [demonic
                  | ancestry]
 21465 | D:12     | Reached XP level 12. HP: 75/89 MP: 20/20
 21785 | D:12     | Reached skill level 10 in Long Blades
 23578 | D:11     | Reached ***** piety under Lugonu
 25034 | D:13     | Noticed a death knight
 25049 | D:13     | Banished a death knight
 26173 | D:13     | Got a spiked kite shield
 26252 | D:13     | Identified the +5 kite shield of Vampiric Thralls {Int+6
                  | Slay+2} (You found it on level 13 of the Dungeon)
 26712 | D:14     | Paralysed by a hornet for 2 turns
 26898 | D:14     | Reached skill level 11 in Long Blades
 27535 | D:14     | Reached skill level 1 in Shields
 27586 | D:14     | Reached XP level 13. HP: 83/97 MP: 22/22
 28848 | D:14     | Found a gate to the Vaults.
 28945 | D:14     | Found a runed translucent door.
 28946 | D:14     | Noticed Cofimnas's ghost (journeyman FoFi)
 28987 | D:15     | Entered Level 15 of the Dungeon
 29156 | Orc:1    | Entered Level 1 of the Orcish Mines
 29156 | Orc:1    | Found Aroy's Gadget Emporium.
 29360 | Orc:1    | Noticed Maurice
 29547 | D:10     | Killed Maurice
 30021 | Orc:2    | Entered Level 2 of the Orcish Mines
 30021 | Orc:2    | Found Epnuxi's Jewellery Emporium.
 30751 | D:11     | Found a staircase to the Lair.
 31239 | Lair:1   | Entered Level 1 of the Lair of Beasts
 32356 | Lair:2   | Reached ****** piety under Lugonu
 32928 | Lair:2   | Learned a level 2 spell: Blink
 34306 | Lair:3   | Found a white marble altar of Elyvilon.
 34839 | Lair:3   | Reached skill level 12 in Long Blades
 35314 | Lair:3   | Reached XP level 14. HP: 99/106 MP: 24/24
 35500 | Lair:3   | Found a hole to the Spider Nest.
 36343 | Lair:4   | Reached skill level 5 in Shields
 36353 | Lair:4   | Noticed Nergalle
 36366 | Lair:4   | Banished Nergalle
 36864 | Lair:4   | Found a staircase to the Swamp.
 37552 | Lair:5   | Found a staircase to the Slime Pits.
 38705 | Lair:6   | Entered Level 6 of the Lair of Beasts
 40169 | Lair:6   | Found a sparkling altar of Nemelex Xobeh.
 41006 | Swamp:1  | Entered Level 1 of the Swamp
 41657 | Orc:1    | Reached skill level 13 in Long Blades
 42057 | Orc:1    | Corrupted Orc:1
 42057 | Orc:1    | Noticed a tentacled starspawn
 42057 | Orc:1    | Noticed a starcursed mass
 42057 | Orc:1    | Noticed a starcursed mass
 42070 | Orc:1    | Noticed a tentacled starspawn
 42070 | Orc:1    | Noticed a tentacled starspawn
 42134 | Orc:1    | Noticed a starcursed mass
 42836 | Orc:2    | Found Aladoow's Distillery.
 42848 | Orc:2    | Gained mutation: Your demonic aura causes spilled blood to
                  | erupt in flames. [demonic ancestry]
 42848 | Orc:2    | Reached XP level 15. HP: 114/114 MP: 25/25
 42848 | Orc:2    | Found Fiokec's Antique Armour Shop.
 42860 | Orc:2    | Found Itrex's Magic Scroll Shoppe.
 42863 | Orc:2    | Bought a shimmering hat for 324 gold pieces
 42874 | Orc:2    | Identified the +0 hat of Impatience {Harm rF- rN+ Str+8}
                  | (You bought it in a shop on level 2 of the Orcish Mines)
 42891 | Orc:2    | Bought a scroll of teleportation for 45 gold pieces
 42891 | Orc:2    | Bought a scroll of teleportation for 45 gold pieces
 42891 | Orc:2    | Bought a scroll of teleportation for 45 gold pieces
 42891 | Orc:2    | Bought a scroll of blinking for 112 gold pieces
 42891 | Orc:2    | Bought a scroll of blinking for 112 gold pieces
 43009 | Orc:2    | Found a roughly hewn altar of Beogh.
 43145 | Orc:2    | Found a staircase to the Elven Halls.
 44289 | Swamp:1  | Noticed Frances
 44312 | Swamp:1  | Killed Frances
 44724 | Swamp:1  | Noticed Josephine
 45617 | Elf:1    | Entered Level 1 of the Elven Halls
 45625 | Elf:1    | Reached skill level 10 in Fighting
 46265 | Elf:1    | Identified the Tome of Absence
 46996 | Elf:2    | Reached skill level 14 in Long Blades
 47366 | Elf:2    | Found Ujomeud's Gadget Emporium.
 47367 | Elf:2    | Found Goceahoa's Jewellery Shop.
 47368 | Elf:2    | Found Mumuc's Gadget Emporium.
 47400 | Elf:2    | Found a runed translucent gate.
 47400 | Elf:2    | Found a runed translucent gate.
 47402 | Elf:2    | Found a runed translucent gate.
 47459 | Elf:2    | Gained mutation: You are mostly covered in slimy green
                  | scales. (AC +3) [demonic ancestry]
 47459 | Elf:2    | Reached XP level 16. HP: 87/124 MP: 26/26
 48388 | Spider:1 | Entered Level 1 of the Spider Nest
 49152 | Spider:1 | You fall into a shaft and drop 1 floor!
 49454 | Spider:2 | Reached skill level 10 in Shields
 49537 | Spider:2 | Reached skill level 10 in Armour
 49538 | Spider:2 | Reached skill level 1 in Evocations
 50565 | Elf:2    | Bought an uncursed ring of see invisible for 165 gold
                  | pieces
 51019 | Elf:2    | Noticed a deep elf blademaster
 51033 | Elf:2    | Killed a deep elf blademaster
 51206 | Elf:2    | Reached skill level 15 in Long Blades
 52020 | Elf:3    | Entered Level 3 of the Elven Halls
 52787 | Elf:3    | Gained mutation: You are completely covered in slimy green
                  | scales. (AC +4, rPois) [demonic ancestry]
 52787 | Elf:3    | Reached XP level 17. HP: 123/133 MP: 27/27
 53265 | Elf:3    | Noticed a deep elf blademaster
 53273 | Elf:3    | Noticed a deep elf master archer
 53283 | Elf:3    | Killed a deep elf blademaster
 53289 | Elf:3    | Killed a deep elf master archer
 53683 | Elf:3    | Noticed a deep elf blademaster
 53833 | Elf:3    | Killed a deep elf blademaster
 54606 | Elf:3    | Reached skill level 16 in Long Blades
 54789 | Elf:3    | Identified the amulet of the Rabble {Faith rF+}
 54974 | Elf:3    | Identified the amulet "Buasa" {Reflect *Contam +Inv rF+
                  | Str+6 SH+5}
 55181 | Elf:3    | Noticed a deep elf master archer
 55183 | Elf:3    | Banished a deep elf master archer
 56524 | Spider:1 | Found a runed translucent gate.
 56525 | Spider:1 | Found a runed translucent gate.
 56527 | Spider:1 | Found a runed translucent gate.
 56527 | Spider:1 | Noticed Nuqinleag's ghost (adept GrEE)
 57460 | Spider:3 | Identified the Papyrus of Ice
 57828 | Spider:3 | Gained mutation: You resist negative energy. (rN+) [demonic
                  | ancestry]
 57828 | Spider:3 | Reached XP level 18. HP: 137/142 MP: 28/28
 58264 | Spider:4 | Entered Level 4 of the Spider Nest
 59004 | Spider:4 | Noticed Nikola
 59023 | Spider:4 | Corrupted Spider:4
 59024 | Spider:4 | Noticed a bone dragon
 59026 | Spider:4 | Killed Nikola
 60691 | Spider:4 | Got a gossamer rune of Zot
 61057 | Vaults:1 | Entered Level 1 of the Vaults
 61983 | Vaults:1 | Gained mutation: You have claws for hands. [demonic
                  | ancestry]
 61983 | Vaults:1 | Reached XP level 19. HP: 148/151 MP: 30/30
 62503 | Vaults:1 | Reached skill level 17 in Long Blades
 62617 | Vaults:1 | Paralysed by a floating eye for 2 turns
 63030 | Vaults:1 | Found a large runed translucent door.
 63030 | Vaults:1 | Found a large runed translucent door.
 63031 | Vaults:1 | Noticed OdinFK's ghost (adept TeAE)
 63064 | Vaults:1 | Corrupted Vaults:1
 63070 | Vaults:1 | HP: 6/151 [OdinFK's ghost/bolt of lightning (15)]
 63086 | Vaults:1 | Killed OdinFK's ghost
 63568 | Vaults:1 | Got a jewelled falchion
 63568 | Vaults:1 | Identified the +8 falchion "Etrob" {vorpal, rF+} (You found
                  | it on level 1 of the Vaults)
 63663 | Vaults:2 | Reached skill level 1 in Spellcasting
 64174 | Vaults:2 | Found Gycwal's Book Emporium.
 64357 | Vaults:2 | Found a staircase to the Crypt.
 64357 | Vaults:2 | Found an ancient bone altar of Kikubaaqudgha.
 64358 | Vaults:2 | Found a basalt altar of Yredelemnul.
 64439 | Vaults:2 | Noticed a Brimstone Fiend
 64440 | Vaults:2 | Reached skill level 10 in Necromancy
 64453 | Vaults:2 | HP: 7/152 [vault warden/+1 vorpal halberd (12)]
 65472 | Vaults:2 | Found a radiant altar of Vehumet.
 65473 | Vaults:2 | Found the +5 robe of Misfortune {*Contam Harm *Corrode
                  | *Drain *Slow EV+5}
 66325 | Vaults:3 | Reached skill level 15 in Invocations
 67015 | Vaults:3 | Reached XP level 20. HP: 152/160 MP: 31/31
 67453 | Vaults:3 | Found a hazy altar of Hepliaklqana.
 68877 | Vaults:4 | Reached skill level 15 in Shields
 69427 | Vaults:4 | Reached skill level 5 in Spellcasting
 70016 | Vaults:4 | Annihilated by an ettin

Illustrated notes

Levels and vault maps discovered:
D:1:      minmay_arrival_diagonal_passages, layout_basic
D:2:      layout_rooms, zin_treasury, ebering_dispersal_statue_hall
D:3:      layout_basic, uniq_jessica
D:4:      layout_basic, nicolae_overflow_crystal_walls,
          gammafunk_temple_overflow_arena, nzn_hepliaklqana_mist_gate,
          gammafunk_temple_overflow_wave, ebering_ghost_disaster_area,
          grunt_decor_fettered, uniq_blork_the_orc
D:5:      minmay_diamond_boxcup, layout_basic, minmay_temple_entry_grid,
          elyvilon_altar_4, uniq_prince_ribbit1
D:6:      layout_loops_ring, vehumet_crystals, grunt_gozag_statues,
          pdpol_wu_jian_five_deadly_venoms, gammafunk_ghost_nasty_kobolds,
          lemuel_angel_altar
D:7:      layout_basic, gammafunk_ghost_arena, trog_butcher_becter, uniq_maggie
D:8:      layout_basic, kennysheep_mini, gammafunk_ghost_wrathful_warriors,
          serial_park_tiny_pond, st_stairs_1
D:9:      layout_loops_ring, grunt_temple_overflow_holy_war,
          okawaru_ov_weapons_minmay, basic_altar
D:10:     layout_loops_ring, david_orc_4, serial_shops, shop, hangedman_ranch
          [blue_anna_fruit_fields], uniq_fannar
D:11:     layout_basic, erik_lair_island, enter_bailey_2, nicolae_blasting_shop,
          minivault_7, uniq_urug
D:12:     layout_basic, portal_ice_cave_entry_ice_beasts, minmay_fire_ice_demons
D:13:     lemuel_castle_with_subvaults [lemuel_castle_interior_carwin_1],
          layout_stronghold
D:14:     layout_basic, david_vaults_5, ebering_ghost_reflecting_pool,
          serial_corexii_hall, corexii_hall_statues_i, corexii_hall_statues_i,
          minmay_stone_trees_small
D:15:     grunt_enter_depths_magical_seal, layout_rooms
Lair:1:   layout_regular_city
Lair:2:   layout_gridlike, nzn_sisyphean_effort, infiniplex_staircase_pool,
          grunt_megastairs_2, lemuel_fruit_tree, minmay_lair_oklob_chamber
Lair:3:   layout_loops_ring, spider_nest_entry_funnel_web, basic_altar
Lair:4:   layout_loops_ring, skrybe_swamp_entry_bodies, uniq_nergalle
Lair:5:   layout_gridlike, nicolae_slime_entry_slimehenge
Lair:6:   minmay_lair_end_enchanted_forest, layout_regular_city, st_stairs_12,
          amcnicky_altar_gilded
Swamp:1:  layout_basic_swamp, hangedman_swamp_lotus, grunt_lady_of_the_lake,
          uniq_josephine, uniq_frances
Spider:1: layout_spider_delve, gammafunk_ghost_split,
          einodemon_crawler_minivault
Spider:2: layout_spider_delve
Spider:3: layout_spider_delve, drop_trap
Spider:4: floodkiller_spider_rune_tomb, uniq_nikola
Orc:1:    layout_caves, serial_shops, shop, uniq_maurice
Orc:2:    st_orc_open, layout_caves, mines1_david
Elf:1:    minmay_elf_arrival_summoners, layout_geoelf_octagon,
          minmay_elf_demonology, drop_trap
Elf:2:    layout_gridlike, billiards_dpeg, minmay_shop_grove
Elf:3:    grunt_elf_hall_spiral, layout_geoelf_octagon
Vaults:1: ebering_vaults_ghost_disaster_area, hangedman_vaults_stagger,
          nicolae_vaults_little_squares_4, hangedman_vaults_capsules,
          ontoclasm_vaults_spin, v_rooms_5, vaults_room_pool, v_misc_9,
          grunt_vaults_focal, nicolae_vaults_alarming, vaults_dpeg_ring,
          layout_vaults_chaotic_city
Vaults:2: ontoclasm_vaults_gateway, minmay_crypt_entry_necro_gods,
          hangedman_vaults_impose, nicolae_vaults_network_quinsquares
          [nicolae_vaults_network_quincunx_subvault,
          nicolae_vaults_network_quincunx_subvault,
          nicolae_vaults_network_quincunx_subvault,
          nicolae_vaults_network_quincunx_subvault], ontoclasm_vaults_twist,
          ontoclasm_vaults_misaligned, grunt_tower_of_power, v_pattern_1,
          hangedman_vaults_trim, vaults_mumra_minichess, nicolae_vaults_big_ls,
          nicolae_vaults_sealed_display, layout_vaults_ring, serial_shops, shop,
          mu_enter_wizlab_1
Vaults:3: v_misc_17, serial_ice_g, ontoclasm_vaults_pinch, grunt_vaults_twisty,
          nicolae_vaults_statue_guard, v_pattern_3, ontoclasm_vaults_idyll,
          nicolae_vaults_little_squares_2, layout_vaults_quadrants, basic_altar
Vaults:4: ontoclasm_vaults_ring_square, v_rooms_1, v_misc_16,
          nicolae_vaults_network_star, v_misc_24, grunt_vaults_trifunnel,
          v_rooms_6, nicolae_vaults_ring_of_whatevers, vaults_dpeg_cross,
          v_misc_16, vaults_room_fours, vaults_room_corners,
          layout_vaults_big_cross

Skill      XL: |  1  2  3  4  5  6  7  8  9 10 11 12 13 14 15 16 17 18 19 20 |
---------------+-------------------------------------------------------------+-----
Invocations    | 3 4 5 6 7 9 10 11 12 13 14 15 | 15.1
Armour         | 2 3 4 5 6 7 8 9 10 11 12 13 | 13.0
Dodging        | 1 2 3 4 |  4.3
Long Blades    | 2 3 4 6 8 9 11 12 13 14 15 16 17 | 17.5
Fighting       | 4 5 6 7 8 9 10 11 12 13 14 | 14.7
Hexes          | 1 2 3 4 5 7 8 |  8.6
Stealth        | 1 2 3 4 |  4.9
Necromancy     | 2 4 5 7 8 9 10 11 | 11.1
Shields        | 1 4 8 9 11 12 13 14 15 | 15.3
Evocations     | 1 |  1.9
Spellcasting   | 3 5 |  5.1

Action                   |  1- 3 |  4- 6 |  7- 9 | 10-12 | 13-15 | 16-18 | 19-21 || total
-------------------------+-------+-------+-------+-------+-------+-------+-------++-------
Melee: Falchion          |   113 |   197 |   555 |   383 |       |       |   753 ||  2001
       Great sword       |       |       |       |   745 |       |       |       ||   745
       Long sword        |       |       |       |   161 |  2014 |       |       ||  2175
       Double sword      |       |       |       |       |   156 |  1330 |    81 ||  1567
       Scimitar          |       |       |       |       |       |       |    24 ||    24
Invok: Banish            |       |     3 |    14 |    15 |     7 |     4 |     4 ||    47
       Corrupt           |       |       |       |       |     1 |     1 |     1 ||     3
       Bend Space        |       |       |       |       |       |     1 |     2 ||     3
Evoke: Wand              |       |       |       |     2 |    12 |    11 |     1 ||    26
       Condenser vane    |       |       |       |       |       |       |     1 ||     1
  Use: Potion            |     3 |       |     1 |       |       |       |     3 ||     7
       Scroll            |       |       |     1 |     8 |     2 |    13 |     8 ||    32
 Stab: Sleeping          |       |     1 |     3 |     2 |       |       |       ||     6
       Distracted        |       |       |     3 |     3 |    10 |     2 |     6 ||    24
Armor: Leather armour    |    41 |    55 |    67 |       |       |       |       ||   163
       Skin              |     6 |       |       |       |       |       |       ||     6
       Ring mail         |       |       |    98 |   163 |       |       |       ||   261
       Crystal plate arm |       |       |       |  1192 |  1508 |   650 |   276 ||  3626
Dodge: Dodged            |   124 |   154 |   376 |   518 |   209 |   311 |   117 ||  1809
Block: Kite shield       |       |       |       |    98 |  1710 |  1156 |   567 ||  3531
       Rpst.: Falchion   |    41 |    54 |   104 |    58 |       |       |    15 ||   272
       Great sword       |       |       |       |    78 |       |       |       ||    78
       Long sword        |       |       |       |     6 |    58 |       |       ||    64
       Double sword      |       |       |       |       |     2 |    54 |     3 ||    59
